 Dungeon Crawl Stone Soup version 0.29-a0-453-gf113fcf677 (webtiles) character file.

Game seed: 17547790516325560555

236 Kenran the Ruffian (level 5, -3/41 HPs)
             Began as a Vampire Fighter on May 20, 2022.
             Slain by a gnoll
             ... wielding a +0 spear
             ... led by a gnoll shaman
              (7 damage)
             ... on level 5 of the Dungeon.
             The game lasted 00:05:38 (3890 turns).

Kenran the Ruffian (Vampire Fighter)                Turns: 3890, Time: 00:05:39

Health: -3/41      AC:  7    Str: 17    XL:     5   Next: 77%
Magic:  5/5        EV: 12    Int: 11    God:
Gold:   171        SH:  5    Dex: 13    Spells: 4/4 levels left

rFire   . . .      SeeInvis +     - Unarmed
rCold   . . .      Faith    .   b - +1 buckler
rNeg    . . .      Spirit   .   a - +0 scale mail
rPois   .          Reflect  .   (no helmet)
rElec   .          Harm     .   i - +0 cloak
rCorr   .          Rampage  .   (no gloves)
Will    .....                   (no boots)
Stlth   ..........              (no amulet)
HPRegen 0.33/turn               s - +4 ring of evasion
MPRegen 0.09/turn               (no ring)

@: mighty, lit by a corona, healing quickly, glowing
A: alive, fangs 3, see invisible, vampiric 2
a: Exsanguinate


You were on level 5 of the Dungeon.
You visited 1 branch of the dungeon, and saw 5 of its levels.

You collected 191 gold pieces.
You spent 20 gold pieces at shops.

Inventory:

Armour
 a - a +0 scale mail (worn)
 b - a +1 buckler (worn)
 i - a +0 cloak (worn)
Jewellery
 r - an amulet of the acrobat
 s - a +4 ring of evasion (left hand)
 t - a +4 ring of evasion
Wands
 q - a wand of polymorph (8)
Scrolls
 d - 3 scrolls of enchant armour
 f - a scroll of teleportation
 g - a scroll of fear
 h - a scroll of vulnerability {unknown}
 j - a scroll of poison {unknown}
 k - a scroll of enchant weapon {unknown}
 n - 2 scrolls of silence
 o - a scroll of blinking {unknown}
 p - a scroll of noise {unknown}
 u - a scroll of torment {unknown}
 v - 2 scrolls of magic mapping {unknown}
Potions
 e - a potion of flight
 l - a potion of haste {unknown}
 m - a potion of berserk rage {unknown}


   Skills:
 + Level 3.1 Fighting
 + Level 2.5 Armour
 - Level 3.0 Shields
 * Level 6.2 Unarmed Combat


You had 4 spell levels left.
You didn't know any spells.
Your spell library contained the following spells:

 Spells                   Type           Power      Damage    Failure   Level
 Slow                     Hex            0%         N/A       85%         1
 Ensorcelled Hibernation  Hex/Ice        0%         N/A       94%         2
 Passwall                 Tmut/Erth      0%         N/A       94%         2
 Sublimation of Blood     Necr           0%         N/A       94%         2
 Wereblood                Tmut           0%         N/A       94%         2
 Confusing Touch          Hex            0%         N/A       99%         3
 Frozen Ramparts          Ice            0%         1d2       99%         3
 Stone Arrow              Conj/Erth      0%         3d7       99%         3
 Swiftness                Air            0%         N/A       99%         3
 Vampiric Draining        Necr           0%         2d6       99%         3
 Animate Armour           Summ/Erth      0%         N/A       100%        4
 Leda's Liquefaction      Hex/Erth       0%         N/A       100%        4
 Statue Form              Tmut/Erth      0%         N/A       100%        6
 Summon Hydra             Summ           0%         N/A       100%        7
 Lehudib's Crystal Spear  Conj/Erth      0%         10d2      100%        8


Dungeon Overview and Level Annotations

Branches:
Dungeon (5/15)
 Temple: D:4-7

Altars:
Elyvilon

Shops:
D:4 ?

Annotations:
D:3 3 runed translucent doors, Opifex's ghost, amateur DsFi


Innate Abilities, Weirdness & Mutations

Your natural rate of healing is accelerated.
You have razor-sharp teeth.
You have supernaturally acute eyesight. (SInv)
You are afflicted with vampirism and can become a bat while bloodless.


Message History

The adder barely misses you. The adder closely misses you.
You block the orc's attack. The adder bites you but does no damage.
You miss the adder. You bite the adder!
The adder is severely wounded.
The adder bites you but does no damage. You block the adder's attack.
The orc hits you with a +0 war axe. The adder closely misses you.
You punch the adder!
You kill the adder!
The adder bites you but does no damage. The gnoll barely misses you.
The orc closely misses you.
You punch the adder!
You kill the adder!
The gnoll hits you from afar with a +0 halberd.
You block the gnoll shaman's attack. The orc barely misses you.
You punch the gnoll shaman! Your bite misses the gnoll shaman.
The gnoll shaman is moderately wounded.
The gnoll closely misses you. You block the gnoll shaman's attack.
The gnoll barely misses you. You block the gnoll's attack.
The orc closely misses you.
You closely miss the gnoll shaman.
The gnoll shaman is moderately wounded.
The gnoll barely misses you.
The gnoll shaman hits you but does no damage.
The gnoll hits you from afar with a +0 spear.
You block the orc's attack.
You barely miss the gnoll shaman.
The gnoll shaman is moderately wounded.
The gnoll hits you from afar with a +0 halberd!
You block the gnoll shaman's attack.
The gnoll hits you from afar with a +0 halberd.
* * * LOW HITPOINT WARNING * * *
The gnoll closely misses you. The orc hits you with a +0 war axe.
* * * LOW HITPOINT WARNING * * *
You hit the gnoll shaman.
The gnoll shaman is severely wounded.
The gnoll hits you from afar with a +0 halberd.
* * * LOW HITPOINT WARNING * * *
The gnoll shaman misses you.
The gnoll hits you from afar with a +0 spear!
You die...

............#........
............#........
............#........
............#.(....##
#######.....#
#.......#.....#
#.......#.....#
#.......#.....#
#.......#@o...#
#.......#g†...#
#.......#ggg..#
#.......#h....#
#.......gl....#
#.......#.....#
#......g#.....#
+.....h.#######
#......g....l..


You could see a gnoll shaman, an iguana, a hound, 4 gnolls and an orc.

Vanquished Creatures
  Natasha (thrice) (D:2)
  2 orc wizards (D:3)
  5 adders
  2 worms (D:4)
  4 orcs
  3 ball pythons
  5 bats
  3 endoplasms (D:1)
  A giant cockroach (D:4)
  6 goblins
  4 hobgoblins
  6 jackals
  5 kobolds
  2 quokkas
  2 frilled lizards
  4 rats
57 creatures vanquished.

Notes
Turn   | Place    | Note
-------+----------+-------------------------------------------
     0 | D:1      | Kenran the Vampire Fighter began the quest for the Orb.
     0 | D:1      | Reached XP level 1. HP: 17/17 MP: 1/1
   293 | D:1      | Reached skill level 3 in Unarmed Combat
   320 | D:1      | Reached XP level 2. HP: 23/23 MP: 2/2
  1103 | D:2      | Found a faded altar of an unknown god.
  1104 | D:2      | Noticed a floating eye
  1106 | D:2      | Noticed a floating eye
  1106 | D:2      | Noticed a floating eye
  1106 | D:2      | Noticed a shining eye
  1273 | D:2      | Reached skill level 4 in Unarmed Combat
  1273 | D:2      | Gained mutation: You are afflicted with vampirism and can
                  | become a bat while bloodless. [Vampire growth]
  1273 | D:2      | Reached XP level 3. HP: 28/28 MP: 3/3
  1518 | D:2      | Noticed Natasha
  1524 | D:2      | Killed Natasha
  1525 | D:2      | Reached XP level 4. HP: 18/35 MP: 4/4
  1580 | D:2      | Noticed Natasha
  1588 | D:2      | Killed Natasha
  1615 | D:2      | Noticed Natasha
  1629 | D:2      | Killed Natasha
  1630 | D:2      | Reached skill level 5 in Unarmed Combat
  1853 | D:3      | Reached XP level 5. HP: 21/41 MP: 5/5
  1984 | D:3      | Got the Almanac of the Earthen Snowflakes
  2103 | D:3      | Found a runed translucent gate.
  2104 | D:3      | Found a runed translucent gate.
  2105 | D:3      | Found a runed translucent gate.
  2107 | D:3      | Noticed Opifex's ghost (amateur DsFi)
  3280 | D:4      | Reached skill level 6 in Unarmed Combat
  3326 | D:4      | Found Nor Vias's Magic Scroll Shop.
  3335 | D:4      | Identified the +1 leather armour of the Swan {Int+4 Dex+2}
  3338 | D:4      | Bought a scroll of identify for 20 gold pieces
  3781 | D:5      | Entered Level 5 of the Dungeon
  3890 | D:5      | Slain by a gnoll

Illustrated notes

Levels and vault maps discovered:
D:1:      sevenhm_arrival_forest_fort_large_2, layout_loops_corners
D:2:      layout_basic, hellmonk_ecumenical_altar_watching_god, basic_altar,
          minmay_parallelograms, kennysheep_generic_room_3, uniq_natasha
D:3:      layout_basic, ebering_ghost_rock_garden, serial_co_window_serial,
          co_window_paths_b, co_window_paths_a, co_window_paths_b,
          co_window_paths_a, co_window_cross_1, co_window_paths_c,
          co_window_2corner, co_window_2corner, co_window_4corner_a,
          glass_columns_a, glass_columns_b
D:4:      layout_basic, serial_shops, shop, minmay_box_of_dots
D:5:      layout_gridville

Skill      XL: |  1  2  3  4  5 |
---------------+----------------+-----
Unarmed Combat | 3 4 5 6 |  6.2
Fighting       | 3 |  3.1
Shields        | 3 |  3.0
Armour         | |  2.5

Action                   |  1- 3 |  4- 6 || total
-------------------------+-------+-------++-------
Melee: Unarmed           |   106 |   127 ||   233
       Bite              |    10 |    13 ||    23
Evoke: Wand              |       |     1 ||     1
  Use: Scroll            |       |     5 ||     5
       Potion            |       |     2 ||     2
Armor: Scale mail        |    44 |    49 ||    93
Dodge: Dodged            |    32 |    90 ||   122
Block: Buckler           |    23 |    37 ||    60

Table legend: (Time is in decaauts)
 A = Elapsed time spent in this place.
 B = Non-inter-level travel time spent in this place.
 C = Inter-level travel time spent in this place.
 D = Time resting spent in this place.
 E = Time spent auto-exploring this place.
 F = Levels seen in this place.
 G = Mean time per level.
                   A        B        C        D        E       F      G
               +--------+--------+--------+--------+--------+-----+--------+
         Total |   3882 |   3787 |     95 |    274 |   2977 |   5 |  776.4 |
       Dungeon |   3882 |   3787 |     95 |    274 |   2977 |   5 |  776.4 |
               +--------+--------+--------+--------+--------+-----+--------+

Top non-repeatable levels by time:
     D:3: 1163 daAuts
     D:1: 1067 daAuts
     D:2: 830 daAuts
     D:4: 713 daAuts
     D:5: 107 daAuts
